 Dungeon Crawl Stone Soup version 0.21.1-1-g345015f (webtiles) character file.

529 Kagorn the Poker (level 7, -2/64 HPs)
             Began as a Naga Gladiator on June 12, 2018.
             Slain by a wight
             ... wielding a cursed +0 long sword
              (5 damage)
             ... on level 3 of the Dungeon.
             The game lasted 00:22:50 (2297 turns).

Kagorn the Poker (Naga Gladiator)                   Turns: 2297, Time: 00:22:52

Health: -2/64      AC: 13    Str: 23    XL:     7   Next: 23%
Magic:  7/7        EV:  7    Int:  9    God:
Gold:   63         SH:  7    Dex: 12    Spells: 6/6 levels left

rFire    + . .     SeeInvis +   k - +2 trident (protect)
rCold    + . .     Gourm    .   n - +0 shield
rNeg     . . .     Faith    .   e - +2 robe {rC+ rF+}
rPois    +         Spirit   .   c - +0 helmet
rElec    .         Reflect  .   (no cloak)
rCorr    .         Harm     .   (no gloves)
MR       .....                  (no barding)
Stlth    ++........             (no amulet)
HPRegen  0.20/turn              j - +5 ring of strength
MPRegen  0.10/turn              (no ring)

@: lethally poisoned (-2 -> -10), protection aura, heavily drained, very slow
A: large, see invisible, deformed body, poison resistance, slowness 2, slow
metabolism 1, spit poison 1, AC +2
a: Spit Poison


You were on level 3 of the Dungeon.
You were not hungry.

You visited 1 branch of the dungeon, and saw 3 of its levels.

You collected 63 gold pieces.

Inventory:

Hand Weapons
 a - a +3 spear
 k - a +2 trident of protection (weapon)
 o - a +0 halberd
Missiles
 d - 3 throwing nets (quivered)
Armour
 b - a +0 leather armour
 c - a +0 helmet (worn)
 e - a +2 robe of resistance (worn)
 n - a +0 shield (worn)
Jewellery
 i - an uncursed ring of ice
 j - a +5 ring of strength (left hand)
Wands
 l - a wand of iceblast (8)
Scrolls
 g - a scroll of remove curse
Potions
 h - a potion of brilliance {unknown}
 m - a potion of curing
Comestibles
 f - 3 rations


   Skills:
 * Level 4.2(2.8) Fighting
 * Level 4.8(3.5) Polearms
 - Level 2.1(0.9) Throwing
 + Level 1.7(0.5) Armour
 + Level 3.2(1.9) Dodging
 + Level 3.8(2.5) Stealth
 + Level 1.3(0.1) Shields


You had 6 spell levels left.
You didn't know any spells.

Dungeon Overview and Level Annotations

Branches:
Dungeon (3/15)

Altars:
Xom


Innate Abilities, Weirdness & Mutations

You cannot wear boots.
Your serpentine skin is tough. (AC +2)
You have supernaturally acute eyesight. (SInv)
Armour fits poorly on your strangely shaped body.
Your system is resistant to poisons. (rPois)
You cover ground very slowly.
You have a slow metabolism.
You can spit poison.


Message History

The wight hits you with a long sword!
You feel drained.
Your shield prevents you from hitting the wight.
You block the wight's attack. The wight hits you with a long sword.
* * * LOW HITPOINT WARNING * * *
You feel drained.
* * * LOW HITPOINT WARNING * * *
You hit the wight.
The wight is moderately damaged.
The wight barely misses you. x2; The crimson imp blinks!
You hit the wight.
The wight is heavily damaged.
You block the wight's attack. The wight hits you but does no damage.
Okay, then.
You hit the wight.
The wight is almost destroyed.
The wight hits you from afar with a halberd of venom!
* * * LOW HITPOINT WARNING * * *
You are lethally poisoned!
The wight hits you with a long sword.
You die...

.............###.#.# #.#.#.####.
.###### #....#)..####.....# ## .#
# #..#.'._.'.####.### '##
#.##..#.#...#.# #.# ..##
#.......#.#.#.####.##### # ...##
####.##.#.#.#.........)##. ....##
###..##.#######.#§<###)#..
.†...###...)...#######<...###....
.....'.........[@zz.5............
.....###....##.###z........##....
....## #.#.....# #.#######.##.#..
...## #.####..# #.# #.##.##. ..##
#.# #..# #z# #..>.# # '##
#.####..# #.# #.#### .# #.......#
#.# #.# .# ######.## #.# #.#
.###### #.# #.#######.# #


You could see 3 wights and a crimson imp.

Vanquished Creatures
  Sigmund (D:3)
  An ogre (D:2)
  2 wights (D:3)
  A crimson imp (D:3)
  2 orc priests (D:3)
  3 gnolls (D:3)
  2 adders
  An ooze (D:3)
  2 worms
  2 dart slugs
  2 leopard geckos
  4 orcs (D:3)
  8 bats
  4 giant cockroaches
  3 goblins
  7 hobgoblins
  4 jackals
  7 kobolds
  3 frilled lizards
  7 rats
66 creatures vanquished.

Notes
Turn   | Place    | Note
-------+----------+-------------------------------------------
     0 | D:1      | Kagorn the Naga Gladiator began the quest for the Orb.
     0 | D:1      | Reached XP level 1. HP: 19/19 MP: 1/1
   201 | D:1      | Reached XP level 2. HP: 15/26 MP: 2/2
   407 | D:1      | Reached XP level 3. HP: 33/33 MP: 3/3
   842 | D:2      | Reached skill level 1 in Stealth
  1006 | D:2      | Noticed an ogre
  1018 | D:2      | Killed an ogre
  1018 | D:2      | Reached XP level 4. HP: 30/42 MP: 4/4
  1018 | D:2      | Reached XP level 5. HP: 35/49 MP: 5/5
  1454 | D:3      | Reached skill level 1 in Armour
  1753 | D:3      | Reached XP level 6. HP: 45/56 MP: 6/6
  1776 | D:3      | Noticed Sigmund
  1794 | D:3      | Killed Sigmund
  1960 | D:3      | Reached skill level 1 in Shields
  2087 | D:3      | Found a shimmering altar of Xom.
  2105 | D:3      | Reached XP level 7. HP: 51/64 MP: 7/7
  2297 | D:3      | HP: 3/64 [wight/halberd of venom (14)]
  2297 | D:3      | Slain by a wight

Skill      XL: |  1  2  3  4  5  6 |
---------------+-------------------+-----
Throwing       | 2 |  2.1
Stealth        | 2 3 |  3.8
Fighting       | 3 4 |  4.2
Polearms       | 4 |  4.8
Armour         | 1 |  1.7
Dodging        | 3 |  3.2
Shields        | 1 |  1.3

Action                   |  1- 3 |  4- 6 |  7- 9 || total
-------------------------+-------+-------+-------++-------
Melee: Trident           |   105 |    81 |    50 ||   236
  Use: Scroll            |       |     5 |       ||     5
       Potion            |       |     1 |     1 ||     2
 Stab: Sleeping          |       |     4 |     2 ||     6
  Eat: Ration            |       |     1 |       ||     1
Armor: Leather armour    |    22 |    25 |       ||    47
       Ring mail         |       |    12 |       ||    12
       Robe              |       |     2 |    15 ||    17
Dodge: Dodged            |    42 |    24 |    12 ||    78
Block: Shield            |       |    13 |    11 ||    24
